 Dungeon Crawl Stone Soup version 0.29.1-2-gbd0b4ee654 (webtiles) character file.

Game seed: 6360460003877548278

18 jamesblauser the Chopper (level 2, -1/29 HPs)
             Began as a Gnoll Cinder Acolyte on Nov 10, 2022.
             Was a High Priest of Ignis.
             Frozen to death by an endoplasm (5 damage)
             ... on level 1 of the Dungeon.
             The game lasted 00:04:19 (503 turns).

jamesblauser the Chopper (Gnoll Cinder Acolyte)      Turns: 503, Time: 00:04:20

Health: -1/29      AC:  5    Str: 13    XL:     2   Next: 70%
Magic:  5/5        EV: 10    Int: 13    God:    Ignis [*****.]
Gold:   15         SH:  0    Dex:  7    Spells: 6/6 levels left

rFire   + . .      SeeInvis .   a - -1 hand axe (flame)
rCold   . . .      Faith    .   (no shield)
rNeg    . . .      Spirit   .   e - +0 ring mail
rPois   .          Reflect  .   (no helmet)
rElec   .          Harm     .   (no cloak)
rCorr   .          Rampage  .   (no gloves)
Will    .....                   (no boots)
Stlth   ..........              (no amulet)
HPRegen 0.09/turn               (no ring)
MPRegen 0.09/turn               (no ring)

@: no status effects
A: fangs 1, strong nose, distributed training
a: Renounce Religion, Fiery Armour, Foxfire Swarm, Rising Flame


You were on level 1 of the Dungeon.
You worshipped Ignis.
Ignis was extremely pleased with you.
You visited 1 branch of the dungeon, and saw 1 of its levels.

You collected 15 gold pieces.

Inventory:

Hand Weapons
 a - a -1 hand axe of flaming (weapon)
Armour
 b - a +0 robe
 e - a +0 ring mail (worn)


   Skills:
 + Level 6.5 Fighting
 + Level 0.5 Short Blades
 + Level 0.5 Long Blades
 + Level 6.5 Axes
 + Level 0.5 Maces & Flails
 + Level 0.5 Polearms
 + Level 0.5 Staves
 + Level 0.5 Ranged Weapons
 + Level 0.5 Throwing
 + Level 0.5 Armour
 + Level 0.5 Dodging
 + Level 0.5 Stealth
 + Level 0.5 Shields
 + Level 0.5 Unarmed Combat
 + Level 2.7 Spellcasting
 + Level 0.3 Conjurations
 + Level 0.3 Hexes
 + Level 0.3 Summonings
 + Level 0.3 Necromancy
 + Level 0.3 Translocations
 + Level 0.3 Transmutations
 + Level 5.3 Fire Magic
 + Level 0.3 Ice Magic
 + Level 0.3 Air Magic
 + Level 0.3 Earth Magic
 + Level 0.3 Poison Magic
 + Level 0.6 Invocations
 + Level 0.5 Evocations


You had 6 spell levels left.
You didn't know any spells.
Your spell library contained the following spells:

 Spells                   Type           Power      Damage    Failure   Level
 Scorch                   Fire           30%        2d6       9%          2
 Apportation              Tloc           4%         N/A       41%         1
 Necrotise                Necr           8%         1d4       41%         1
 Summon Small Mammal      Summ           8%         N/A       41%         1


Dungeon Overview and Level Annotations

Branches:
Dungeon (1/15)

Altars:


Innate Abilities, Weirdness & Mutations

You have very sharp teeth.
Your uncanny sense of smell can sniff out nearby items.
Your experience applies equally to all skills.


Message History

The bat barely misses you. The bat hits you but does no damage.
The hobgoblin hits you. The bat misses you.
You hit the hobgoblin but do no damage.
The hobgoblin is moderately wounded.
You hit the bat but do no damage. The bat misses you. The hobgoblin misses you.
The bat hits you but does no damage. The hobgoblin hits you.
The bat barely misses you. The hobgoblin closely misses you.
You barely miss the bat. Your bite misses the bat.
You hit the hobgoblin but do no damage. The bat hits you but does no damage.
The hobgoblin hits you.
You closely miss the bat. You hit the hobgoblin. You burn the hobgoblin.
The bat completely misses you. The hobgoblin barely misses you.
You hit the bat. You burn the bat.
You kill the bat!
You barely miss the hobgoblin.
The hobgoblin hits you but does no damage.
The hobgoblin hits you but does no damage.
You see here a bat corpse.
The hobgoblin hits you.
* * * LOW HITPOINT WARNING * * *
You hit the hobgoblin but do no damage.
The hobgoblin is severely wounded.
The hobgoblin hits you but does no damage.
The hobgoblin barely misses you.
You see here a bat corpse.
The hobgoblin hits you but does no damage.
The hobgoblin hits you.
* * * LOW HITPOINT WARNING * * *
You see here a bat corpse.
The hobgoblin hits you.
* * * LOW HITPOINT WARNING * * *
You barely miss the hobgoblin.
The hobgoblin is severely wounded.
The hobgoblin hits you but does no damage.
You hit the hobgoblin. You burn the hobgoblin.
You kill the hobgoblin!
The endoplasm freezes you.
You are frozen.
You die...

g. #.....##.
#.# #.
##.#####.. #.#
#. #..#####.#
#.# #J
#.#.)..... #.#
#.##.#.######
#.# #..#.#.# #.
#.# ##...#.# #.
##.# #..##.# #.
#.@# ###..##.#
#.
#J####....$..#
#.
##=#..J......##
#.
#....###...?##
#. #.####
#....# #. ##
#....# ##
#....# #....#
.....#


You could see an endoplasm.

Vanquished Creatures
  A dart slug (D:1)
  2 bats (D:1)
  An endoplasm (D:1)
  A giant cockroach (D:1)
  2 goblins (D:1)
  2 hobgoblins (D:1)
  2 jackals (D:1)
  A quokka (D:1)
  A frilled lizard (D:1)
  2 rats (D:1)
15 creatures vanquished.

Vanquished Creatures (others)
  22 foxfires (D:1)
22 creatures vanquished.

Grand Total: 37 creatures vanquished

Notes
Turn   | Place    | Note
-------+----------+-------------------------------------------
     0 | D:1      | jamesblauser the Gnoll Cinder Acolyte began the quest for
                  | the Orb.
     0 | D:1      | Reached XP level 1. HP: 23/23 MP: 4/4
    35 | D:1      | Reached XP level 2. HP: 21/29 MP: 5/5
   503 | D:1      | Frozen to death by an endoplasm

Illustrated notes

Levels and vault maps discovered:
D:1:      minmay_arrival_four_houses, layout_rooms, minmay_domino_2

Action                   || total
-------------------------++-------
Melee: Hand axe          ||    38
       Bite              ||     3
Invok: Foxfire Swarm     ||     2
  Use: Potion            ||     2
Armor: Robe              ||     4
       Ring mail         ||    34
Dodge: Dodged            ||    64
